 Dungeon Crawl Stone Soup version 0.21-a0-641-geef9d7f (webtiles) character file.

2426 shenanigans the Skirmisher (level 9, -17/72 HPs)
             Began as a Barachi Skald on Dec 30, 2017.
             Was a Follower of Cheibriados.
             Demolished by an orc warrior
             ... wielding a +4 scimitar
              (19 damage)
             ... on level 6 of the Dungeon.
             The game lasted 00:26:27 (10164 turns).

shenanigans the Skirmisher (Barachi Skald)         Turns: 10164, Time: 00:26:27

Health: -17/72     AC:  9    Str: 11    XL:     9   Next: 48%
Magic:  10/12      EV: 14    Int: 20    God:    Cheibriados [*.....]
Gold:   363        SH:  0    Dex: 13    Spells: 6/12 levels left

rFire    . . .     SeeInvis +   a - +1 hand axe
rCold    . . .     Gourm    +   (no shield)
rNeg     . . .     Faith    .   i - +0 ring mail (curse)
rPois    .         Spirit   .   o - +0 helmet
rElec    .         Reflect  .   (no cloak)
rCorr    .         Harm     .   k - +0 pair of gloves
MR       .....                  (no boots)
Stlth    +.........             C - amulet of the gourmand (curse)
HPRegen  0.22/turn              j - ring of see invisible
MPRegen  0.13/turn              p - -3 ring of strength (curse)

@: infused, can't hop, very slow
A: +LOS, swims, slowness 1, strong legs 1
a: Hop, Bend Time, Renounce Religion


You were on level 6 of the Dungeon.
You worshipped Cheibriados.
Cheibriados was aware of your devotion.
You were not hungry.

You visited 2 branches of the dungeon, and saw 9 of its levels.

You collected 363 gold pieces.

Inventory:

Hand Weapons
 a - a +1 hand axe (weapon)
 t - a +0 mace of crushing
Missiles
 v - 6 tomahawks (quivered)
Armour
 b - a +0 leather armour
 i - a cursed +0 ring mail (worn)
 k - a +0 pair of gloves (worn)
 o - a +0 helmet (worn)
 B - a +1 plate armour
Jewellery
 j - a ring of see invisible (left hand)
 m - an uncursed ring of positive energy
 p - a cursed -3 ring of strength (right hand)
 C - a cursed amulet of the gourmand (around neck)
Wands
 g - a wand of digging (13)
Scrolls
 l - a scroll of identify
 n - 2 scrolls of enchant weapon
 D - a scroll of remove curse {unknown}
Potions
 h - 2 potions of curing
 q - 2 potions of resistance
 r - a potion of berserk rage
 s - 2 potions of cancellation
 u - a potion of flight
 x - 3 potions of magic
Books
 c - a book of Battle

   Spells                             Type                      Level
   a - Infusion                       Charms                       1
   b - Shroud of Golubria             Charms/Translocation         2
   c - Song of Slaying                Charms                       2
   d - Spectral Weapon                Hexes/Charms                 3
   e - Regeneration                   Charms/Necromancy            3
 e - a book of Minor Magic

   Spells                             Type                      Level
   a - Magic Dart                     Conjuration                  1
   b - Blink                          Translocation                2
   c - Call Imp                       Summoning                    2
   d - Slow                           Hexes                        2
   e - Conjure Flame                  Conjuration/Fire             3
   f - Mephitic Cloud                 Conjuration/Poison/Air       3
 y - a book of Changes

   Spells                             Type                      Level
   a - Beastly Appendage              Transmutation                1
   b - Sticks to Snakes               Transmutation                2
   c - Spider Form                    Transmutation/Poison         3
   d - Ice Form                       Ice/Transmutation            4
   e - Blade Hands                    Transmutation                5
 z - a book of Callings

   Spells                             Type                      Level
   a - Summon Small Mammal            Summoning                    1
   b - Call Imp                       Summoning                    2
   c - Call Canine Familiar           Summoning                    3
   d - Summon Guardian Golem          Hexes/Summoning              3
   e - Summon Lightning Spire         Summoning/Air                4
   f - Summon Ice Beast               Ice/Summoning                4
Comestibles
 d - 5 rations


   Skills:
 + Level 7.6 Fighting
 + Level 6.9 Axes
 + Level 7.3 Armour
 + Level 6.9 Dodging
 - Level 2.1 Spellcasting
 - Level 3.2 Charms
 + Level 2.5 Invocations


You had 6 spell levels left.
You knew the following spells:

 Your Spells              Type           Power        Failure   Level  Hunger
a - Infusion              Chrm           ###.         9%          1    #......
b - Conjure Flame         Conj/Fire      #.......     69%         3    ###....
c - Song of Slaying       Chrm           ###.....     13%         2    ##.....


Dungeon Overview and Level Annotations

Branches:
Dungeon (8/15)             Temple (1/1) D:5
   Lair: D:8-11

Altars:
Ashenzari
Cheibriados
Dithmenos
Elyvilon
Fedhas
Gozag
Hepliaklqana
Kikubaaqudgha
Makhleb
Nemelex Xobeh
Okawaru
Qazlal
Ru
Sif Muna
Trog
Uskayaw
Vehumet
Wu Jian
Xom
Yredelemnul
Zin
The Shining One

Annotations:
D:7 Letos's ghost, novice GnWr


Innate Abilities, Weirdness & Mutations

Shadows flee at your approach. (+LOS)
You can swim through water.
You cover ground slowly.
You can hop short distances.


Message History

You throw a tomahawk.
The tomahawk barely misses the orc warrior.
Throwing (i - inventory):
v - 7 tomahawks (quivered)
Press: ? - help, Shift-Dir - straight line, f/p - orc warrior
Aim: an orc warrior, wielding an enchanted scimitar and wearing a chain mail (lightly wounded)
You throw a tomahawk.
The tomahawk hits the orc warrior but does no damage.
The orc warrior is lightly wounded.
You feel much better.
The orc warrior hits you with an enchanted scimitar!!
* * * LOW HITPOINT WARNING * * *
Casting: Infusion
Confirm with . or Enter, or press ? or * to list all spells.
You extend your infusion's duration.
The orc warrior hits you with an enchanted scimitar!
* * * LOW HITPOINT WARNING * * *
You hit the orc warrior.
The orc warrior is lightly wounded.
The orc warrior hits you with an enchanted scimitar!!
You die...

...................# #.#
##รท###########.##### #.# #.# #.#
#.# #.# ##+## #.# # ##.# ##...##
#.#### # #..### ##.....##
###....# # #.##.## ##.......##
##.#).#.# #
#.#...####.........####...#...###
#........'......@o('>(..(........
#.#...####.........####...#..####
#.##.## ##.......## ##.##.## #
#.#### ##.....## ####.# # #.#
##...## #.# #.# ##'## #.#
#.###### ####.###### #.# #......#
#.........# #.# ######.#
#.##.####.# #.#


You could see an orc warrior.

Vanquished Creatures
  2 water moccasins
  A black bear (D:6)
  An orc warrior (D:7)
  4 ogres
  2 centaurs (D:6)
  A big kobold (D:4)
  4 bullfrogs
  2 elf zombies (D:4)
  4 elf skeletons (D:4)
  A water moccasin zombie (D:5)
  2 wyvern skeletons
  A crimson imp (D:7)
  A bullfrog zombie (D:6)
  2 orc priests
  A hound (D:5)
  Jessica (D:2)
  2 human skeletons (D:4)
  2 iguanas
  2 orc wizards
  2 worker ants (D:4)
  A hound skeleton (D:6)
  Robin (D:2)
  12 adders
  4 gnolls (D:6)
  A howler monkey skeleton (D:5)
  A shadow imp (D:5)
  5 adder skeletons
  A worm (D:2)
  2 dart slugs
  3 leopard geckos
  8 orcs
  A ball python (D:4)
  6 giant cockroaches
  18 goblins
  11 hobgoblins
  9 jackals
  2 quokkas (D:2)
  5 bats
  3 frilled lizards
  13 kobolds
  A leopard gecko skeleton (D:6)
  An orc skeleton (D:4)
  2 orc zombies (D:4)
  A quokka skeleton (D:5)
  10 rats
160 creatures vanquished.

Vanquished Creatures (others)
  4 toadstools (D:1)
4 creatures vanquished.

Grand Total: 164 creatures vanquished

Notes
Turn   | Place    | Note
-------+----------+-------------------------------------------
     0 | D:1      | shenanigans the Barachi Skald began the quest for the Orb.
     0 | D:1      | Reached XP level 1. HP: 17/17 MP: 3/3
   440 | D:1      | Reached XP level 2. HP: 20/23 MP: 5/5
  1101 | D:2      | Noticed Robin
  1103 | D:2      | Reached XP level 3. HP: 28/28 MP: 2/6
  1497 | D:2      | Killed Robin
  1579 | D:2      | Reached XP level 4. HP: 35/35 MP: 7/7
  1686 | D:2      | Noticed Jessica
  1691 | D:2      | Killed Jessica
  1906 | D:2      | Reached XP level 5. HP: 30/41 MP: 3/8
  2275 | D:2      | Found a blossoming altar of Fedhas.
  3361 | D:4      | Reached XP level 6. HP: 35/48 MP: 6/9
  3500 | D:4      | Found a shadowy altar of Dithmenos.
  3854 | D:4      | Reached XP level 7. HP: 38/55 MP: 6/10
  4451 | D:4      | Reached skill level 5 in Fighting
  5132 | D:4      | Reached skill level 5 in Axes
  5132 | D:4      | Reached skill level 5 in Armour
  5132 | D:4      | Reached skill level 5 in Dodging
  5463 | D:4      | Reached XP level 8. HP: 49/64 MP: 11/11
  6114 | D:5      | Entered Level 5 of the Dungeon
  6463 | D:5      | Learned a level 3 spell: Conjure Flame
  6466 | D:5      | Learned a level 2 spell: Song of Slaying
  7384 | D:5      | Found a staircase to the Ecumenical Temple.
  7395 | Temple   | Entered the Ecumenical Temple
  7529 | Temple   | Became a worshipper of Cheibriados the Contemplative
  7943 | D:6      | Reached skill level 1 in Invocations
  7961 | D:6      | Reached XP level 9. HP: 33/71 MP: 0/12
  8276 | D:6      | Found a radiant altar of Vehumet.
  9131 | D:7      | Noticed Letos's ghost (novice GnWr)
  9172 | D:6      | Reached * piety under Cheibriados
 10163 | D:6      | HP: 2/72 [orc warrior/enchanted scimitar (16)]
 10164 | D:6      | Demolished by an orc warrior

Vault maps used:
D:1:      ldierk_water_garden, roderic_serpentine_path
D:2:      fedhas_altar_1, first_ration, nrook_uturn, uniq_robin, uniq_jessica
D:4:      cheibrodos_thug_alley, nicolae_ossuary_entry_catacombs,
          grunt_dithmenos_smoke
D:5:      temple_hall
D:6:      basic_altar, minmay_misc_feat_encased
D:8:      uniq_pikel
Temple:   kilobyte_greek_temple

Skill      XL: |  1  2  3  4  5  6  7  8  9 |
---------------+----------------------------+-----
Armour         | 2 3 4 5 6 7 |  7.3
Fighting       | 3 4 5 6 7 |  7.6
Axes           | 3 4 5 6 |  6.9
Dodging        | 3 4 5 6 |  6.9
Invocations    | 1 2 |  2.5
Spellcasting   | |  2.1
Charms         | |  3.2

Action                   |  1- 3 |  4- 6 |  7- 9 || total
-------------------------+-------+-------+-------++-------
Melee: Hand axe          |    96 |   253 |   544 ||   893
       Mace              |       |       |     8 ||     8
Throw: Tomahawk          |       |     6 |    14 ||    20
 Cast: Infusion          |     7 |    16 |    18 ||    41
 Abil: Hop               |       |       |     9 ||     9
  Use: Potion            |       |     1 |     6 ||     7
       Scroll            |       |       |    17 ||    17
  Eat: Chunk             |     3 |     8 |    12 ||    23
       Ration            |       |       |     4 ||     4
Armor: Leather armour    |    11 |       |       ||    11
       Ring mail         |    34 |   115 |   208 ||   357
       Skin              |       |       |     4 ||     4
Dodge: Dodged            |    68 |   166 |   343 ||   577

Table legend:
 A = Spawn XP
 B = Non-spawn XP
 C = Spawn XP percentage of total XP
 D = Spawn monster count
 E = Non-spawn monster count
 F = Spawn count percentage of total count
 G = Total turns spent on level
                    A         B        C        D         E        F      G
               +---------+---------+-------+---------+---------+-------+---------
         Total |       0 |    3467 |   0.0 |       0 |     160 |   0.0 | 10164
               +---------+---------+-------+---------+---------+-------+---------
           D:1 |       0 |      44 |   0.0 |       0 |      28 |   0.0 |  1464
           D:2 |       0 |     157 |   0.0 |       0 |      31 |   0.0 |  1015
           D:3 |       0 |     107 |   0.0 |       0 |      26 |   0.0 |   779
           D:4 |       0 |    1077 |   0.0 |       0 |      33 |   0.0 |  3187
           D:5 |       0 |     598 |   0.0 |       0 |      13 |   0.0 |   969
           D:6 |       0 |    1013 |   0.0 |       0 |      20 |   0.0 |  1909
           D:7 |       0 |     432 |   0.0 |       0 |       7 |   0.0 |   388
           D:8 |       0 |      39 |   0.0 |       0 |       2 |   0.0 |   276
               +---------+---------+-------+---------+---------+-------+---------
